 Dungeon Crawl Stone Soup version 0.29.1-12-g30fa7ad0bf (webtiles) character file.

Game seed: 3602975775436392435

1367 H0rd4k the Insei (level 8, -2/54 HPs)
             Began as an Octopode Artificer on Dec 13, 2022.
             Slain by Edmund
             ... wielding a +6 vorpal dire flail
              (19 damage)
             ... on level 5 of the Dungeon.
             The game lasted 00:04:12 (6264 turns).

H0rd4k the Insei (Octopode Artificer)               Turns: 6264, Time: 00:04:13

Health: -2/54      AC:  1    Str: 11    XL:     8   Next: 65%
Magic:  14/14      EV: 13    Int: 20    God:
Gold:   143        SH:  0    Dex: 12    Spells: 15/15 levels left

rFire   . . .      SeeInvis .   d - +7 whip of the Tundras {vorpal, Int+4}
rCold   . . .      Faith    .   (no shield)
rNeg    . . .      Spirit   .   (helmet restricted)
rPois   .          Reflect  .   (no amulet)
rElec   .          Harm     .   (no ring)
rCorr   .          Rampage  .   (no ring)
Will    .....                   (no ring)
Stlth   +++.......              (no ring)
HPRegen 0.18/turn               (no ring)
MPRegen 0.14/turn               (no ring)
                                (no ring)
                                (no ring)

@: no status effects
A: almost no armour, amphibious, 8 rings, camouflage 1, gelatinous body 1,
(nimble swimmer 1), tentacles
a: no special abilities


You were on level 5 of the Dungeon.
You visited 1 branch of the dungeon, and saw 5 of its levels.

You collected 143 gold pieces.

Inventory:

Hand Weapons
 d - the +7 whip of the Tundras (weapon) {vorpal, Int+4}
   (You found it on level 5 of the Dungeon)

   It inflicts extra damage upon your enemies.
   Int:       It affects your intelligence (+4).
Missiles
 m - a throwing net
Jewellery
 k - an amulet of faith
Wands
 b - a wand of flame (2) (quivered)
 c - a wand of charming (7)
Scrolls
 e - 3 scrolls of identify {unknown}
 f - a scroll of enchant weapon {unknown}
 h - a scroll of silence {unknown}
 i - a scroll of brand weapon {unknown}
 j - a scroll of poison {unknown}
 n - a scroll of vulnerability {unknown}
 o - a scroll of noise {unknown}
 q - 2 scrolls of magic mapping {unknown}
 t - a scroll of teleportation {unknown}
 u - a scroll of fear {unknown}
 v - a scroll of blinking {unknown}
Potions
 a - a potion of attraction {unknown}
 g - a potion of haste {unknown}
 l - 2 potions of curing {unknown}
 p - a potion of flight {unknown}
 r - a potion of berserk rage {unknown}
 s - 2 potions of heal wounds {unknown}


   Skills:
 * Level 4.8 Fighting
 - Level 2.3 Dodging
 - Level 1.3 Stealth
 + Level 7.6 Unarmed Combat
 * Level 4.0 Spellcasting
 - Level 3.2 Evocations


You had 15 spell levels left.
You didn't know any spells.
Your spell library contained the following spells:

 Spells                   Type           Power      Damage    Failure   Level
 Apportation              Tloc           8%         N/A       13%         1
 Necrotise                Necr           16%        1d4       13%         1
 Shock                    Conj/Air       16%        1d4       13%         1
 Summon Small Mammal      Summ           16%        N/A       13%         1
 Swiftness                Air            4%         N/A       36%         3
 Airstrike                Air            2%         2d(1-17)  77%         4


Dungeon Overview and Level Annotations

Branches:
Dungeon (5/15)
 Temple: D:4-7

Altars:
Uskayaw
Wu Jian

Shops:
D:1 :

Annotations:
D:2 1 runed translucent door, exclusion: door, Crazy Yiuf
D:5 Edmund


Innate Abilities, Weirdness & Mutations

You cannot wear most types of armour.
You are amphibious.
You can wear up to eight rings at the same time.
Your skin changes colour to match your surroundings (Stealth+).
Your rubbery body absorbs attacks. (AC +1, EV +1)
((You are camouflaged when in or above water. (Stealth+)))
You have tentacles for arms and can constrict up to eight enemies at once.


Message History

No target in view!
Key pressed, stopping explore.
No target in view!
Key pressed, stopping explore.
No target in view!
You see here a hound skeleton.
Key pressed, stopping explore.
No target in view!
No target in view!
There is an open door here.
There is an open door here.
There is an open door here.
Things that are here:
a +2 short sword of flaming; a +0 robe
There is a stone staircase leading down here.
Key pressed, stopping explore.
No target in view!
You see here a +0 ring mail.
Found a long sword.
No target in view!
Edmund is nearby!
Edmund shouts!
Edmund is nearby!
Edmund is nearby!
You closely miss Edmund. You grab Edmund. You squeeze Edmund.
Edmund is lightly wounded.
You constrict Edmund. Edmund misses you.
You whack Edmund!
Edmund is moderately wounded.
You constrict Edmund.
Edmund hits you with a +6 vorpal dire flail! x2
You are too injured to fight recklessly!
You are too injured to fight recklessly!
You are too injured to fight recklessly!
You are too injured to fight recklessly!
You hit Edmund but do no damage. You tentacle-slap Edmund.
Edmund is heavily wounded.
You constrict Edmund, but do no damage.
Edmund hits you with a +6 vorpal dire flail!!
You die...

.........##......#.####
..(......######.##....#
.######### ##.#####.# )#
#.^......# '### #........#
...# #.......## ...#
#.......# ...# #..@....# ...#
####..@....######## ...#
#.................# ...##
#............$....# ....###
#.........).......# ......###
#.................#
?..##...###.........#########
...####..##.........# ...#
##.##.........# ...#
#......#######


You could see Edmund.

Vanquished Creatures
  Sigmund (D:2)
  Eustachio (D:5)
  A black bear (D:4)
  An orc warrior (D:5)
  An ice beast (D:5)
  Blork the orc (D:5)
  2 scorpions
  A howler monkey (D:4)
  2 jellies
  2 orc priests
  3 hounds
  Jessica (D:2)
  An orc wizard (D:3)
  2 iguanas
  3 gnolls (D:3)
  6 adders
  2 white imps (D:5)
  An ufetubus (D:5)
  A worm (D:2)
  2 dart slugs
  16 orcs
  5 bats
  4 endoplasms
  3 giant cockroaches
  7 goblins
  5 hobgoblins
  13 jackals
  5 quokkas
  4 ball pythons
  4 frilled lizards
  7 kobolds
  5 rats
113 creatures vanquished.

Vanquished Creatures (collateral kills)
  An iguana (D:5)
  2 orc wizards (D:5)
  A gnoll (D:3)
4 creatures vanquished.

Vanquished Creatures (others)
  2 gnolls (D:3)
  2 orcs
  3 fungi (D:3)
  3 plants (D:3)
10 creatures vanquished.

Grand Total: 127 creatures vanquished

Notes
Turn   | Place    | Note
-------+----------+-------------------------------------------
     0 | D:1      | H0rd4k the Octopode Artificer began the quest for the Orb.
     0 | D:1      | Reached XP level 1. HP: 13/13 MP: 1/1
   183 | D:1      | Reached XP level 2. HP: 18/18 MP: 2/2
   193 | D:1      | Found Baurgh's Vocational Training.
   451 | D:1      | Reached skill level 1 in Spellcasting
   995 | D:1      | Reached XP level 3. HP: 21/24 MP: 4/4
  1232 | D:2      | Reached skill level 1 in Unarmed Combat
  1608 | D:2      | Found a runed translucent door.
  1609 | D:2      | Noticed Crazy Yiuf
  1675 | D:2      | Noticed Jessica
  1681 | D:2      | Killed Jessica
  1682 | D:2      | Reached XP level 4. HP: 30/30 MP: 6/6
  1729 | D:2      | Reached skill level 2 in Unarmed Combat
  1988 | D:2      | Noticed Sigmund
  1999 | D:2      | Killed Sigmund
  2000 | D:2      | Reached skill level 3 in Unarmed Combat
  2000 | D:2      | Reached XP level 5. HP: 14/36 MP: 6/8
  2000 | D:2      | Reached XP level 6. HP: 16/42 MP: 6/9
  2717 | D:3      | Reached skill level 4 in Unarmed Combat
  3476 | D:3      | Reached XP level 7. HP: 27/46 MP: 11/11
  3849 | D:3      | Found a faded altar of an unknown god.
  3966 | D:4      | Reached skill level 5 in Unarmed Combat
  4811 | D:5      | Entered Level 5 of the Dungeon
  4845 | D:5      | Noticed Eustachio
  4860 | D:5      | Killed Eustachio
  4861 | D:5      | Reached skill level 6 in Unarmed Combat
  4861 | D:5      | Reached XP level 8. HP: 29/54 MP: 11/13
  5137 | D:5      | Found a hide-covered altar of Uskayaw.
  5340 | D:5      | Noticed Edmund
  5542 | D:5      | Reached skill level 7 in Unarmed Combat
  5721 | D:5      | Noticed Blork the orc
  5725 | D:5      | Killed Blork the orc
  5836 | D:5      | Identified the +7 whip of the Tundras {vorpal, Int+4}
  5967 | D:5      | Found an ornate altar of the Wu Jian Council.
  6264 | D:5      | Slain by Edmund

Illustrated notes

Levels and vault maps discovered:
D:1:      scummos_arrival_gate, layout_loops_ring, serial_park_tiny_pond,
          minmay_misc_feat_diagonals, hangedman_feature_mirror,
          nicolae_shop_vocational
D:2:      layout_loops_ring, uniq_sigmund, uniq_jessica, uniq_crazy_yiuf_cottage
D:3:      layout_basic, shapermc_ecumenical_altar_mp_urbaneastern
D:4:      layout_gridville
D:5:      layout_basic, nzn_wu_jian_council_hall,
          mainiacjoe_overflow_six_doors_small, kennysheep_path_1,
          uniq_eustachio, uniq_blork_the_orc, uniq_edmund

Skill      XL: |  1  2  3  4  5  6  7  8 |
---------------+-------------------------+-----
Spellcasting   | 1 2 3 4 |  4.0
Fighting       | 2 3 4 |  4.8
Unarmed Combat | 1 3 4 6 7 |  7.6
Dodging        | |  2.3
Stealth        | |  1.3
Evocations     | |  3.2

Action                   |  1- 3 |  4- 6 |  7- 9 || total
-------------------------+-------+-------+-------++-------
Melee: Unarmed           |    89 |    95 |    98 ||   282
       Constrict         |    26 |    33 |    26 ||    85
       Tentacles         |    17 |    27 |    31 ||    75
       Punch             |     1 |     2 |     7 ||    10
       Whip              |       |       |     8 ||     8
Evoke: Wand              |       |     6 |    20 ||    26
 Stab: Sleeping          |     7 |     5 |     3 ||    15
       Distracted        |       |       |     1 ||     1
Armor: Skin              |     5 |    11 |       ||    16
Dodge: Dodged            |    52 |    82 |    56 ||   190
